[ AOE2 MATCH · #505472163 ]
UnrankedBohemians vs Spanish
Player's team · LOSS
Rival team · WIN
[ REPLAY ANALYSIS · EXTRACTED FROM THE RECORDED GAME ]
Feudal
8:51
Castle
—
Imperial
—
| APM avg | 61.2 |
| APM peak | 96 |
| eAPM avg | 20.3 |
| Villagers / military | 46 / 47 |
Focus
⚔️ 32.7% · 🌾 67.3%
Archer ×29 · Skirmisher ×9 · Scout Cavalry ×7 · Spearman ×2
Feudal
8:53
Castle
—
Imperial
—
| APM avg | 46.3 |
| APM peak | 67 |
| eAPM avg | 19.0 |
| Villagers / military | 44 / 38 |
Focus
⚔️ 52.1% · 🌾 47.9%
Archer ×19 · Skirmisher ×12 · Spearman ×7
Match map
Initial resources + every placement click. Lines = walls · curves = elevation contours. ◆ gold · ⬟ stone · ● berries · ✦ relic · ◌ wall gap
Your base· ✓ Closed at 12:00 · 1t walls · no gate
MZTK |Kiss's base· Open — opponent sealed themselves in
Smoothed initial terrain · ◌ = detected wall gap · hover for details
Inputs per minute
— rubatubdubs - - MZTK |Kiss
Build order — rubatubdubs
149 actions detected in the replay
| 0:01 | Queue | Villager (Male) |
| 0:02 | Build | House |
| 0:04 | Build | House |
| 0:16 | Queue | Villager (Male) |
| 0:16 | Queue | Villager (Male) |
| 0:20 | Queue | Villager (Male) |
| 1:23 | Queue | Villager (Male) |
| 1:48 | Queue | Villager (Male) |
| 2:08 | Build | Lumber Camp |
| 2:23 | Queue | Villager (Male) |
| 2:51 | Queue | Villager (Male) |
| 2:51 | Queue | Villager (Male) |
| 3:28 | Build | House |
| 3:45 | Queue | Villager (Male) |
| 3:45 | Queue | Villager (Male) |
| 4:27 | Queue | Villager (Male) |
| 4:27 | Queue | Villager (Male) |
| 4:57 | Research | Loom |
| 5:00 | Queue | Villager (Male) |
| 5:10 | Build | Mining Camp |
| 5:12 | Queue | Villager (Male) |
| 5:14 | Queue | Villager (Male) |
| 5:19 | Queue | Villager (Male) |
| 5:32 | Queue | Villager (Male) |
| 6:33 | Research | Feudal Age |
| 7:39 | Build | House |
| 8:01 | Queue | Villager (Male) |
| 8:08 | Build | Barracks |
| 8:51 | Age | Feudal Age |
| 8:55 | Build | Archery Range |
| 9:00 | Build | Archery Range |
| 9:04 | Queue | Spearman |
| 9:07 | Queue | Villager (Male) |
| 9:09 | Queue | Spearman |
| 9:19 | Queue | Villager (Male) |
| 9:24 | Build | Stone Wall |
| 9:31 | Build | Watch Tower |
| 9:33 | Queue | Villager (Male) |
| 9:37 | Queue | Villager (Male) |
| 9:42 | Build | Blacksmith |
| 9:57 | Queue | Archer |
| 9:57 | Queue | Archer |
| 10:05 | Build | House |
| 10:10 | Research | Double-Bit Axe |
| 10:20 | Queue | Archer |
| 10:22 | Build | House |
| 10:29 | Queue | Villager (Male) |
| 10:39 | Queue | Archer |
| 10:53 | Queue | Villager (Male) |
| 11:05 | Queue | Archer |
| 11:05 | Queue | Archer |
| 11:31 | Build | Mill |
| 11:42 | Queue | Archer |
| 11:43 | Queue | Archer |
| 11:58 | Queue | Villager (Male) |
| 12:21 | Build | Stable |
| 12:35 | Queue | Villager (Male) |
| 12:42 | Build | Farm |
| 12:43 | Build | Farm |
| 12:43 | Build | Farm |
| 12:44 | Queue | Villager (Male) |
| 12:46 | Queue | Villager (Male) |
| 12:54 | Queue | Archer |
| 12:57 | Queue | Scout Cavalry |
| 13:07 | Build | House |
| 13:12 | Queue | Scout Cavalry |
| 13:54 | Queue | Archer |
| 14:05 | Queue | Scout Cavalry |
| 14:06 | Queue | Archer |
| 14:06 | Queue | Archer |
| 14:21 | Queue | Archer |
| 14:21 | Queue | Archer |
| 14:23 | Queue | Scout Cavalry |
| 14:39 | Queue | Scout Cavalry |
| 14:43 | Queue | Scout Cavalry |
| 14:45 | Build | Farm |
| 14:46 | Build | Farm |
| 14:46 | Build | Farm |
| 14:46 | Build | Farm |
| 14:47 | Build | Farm |
| 15:33 | Queue | Scout Cavalry |
| 15:34 | Queue | Archer |
| 15:35 | Build | Farm |
| 15:35 | Build | Farm |
| 15:36 | Build | Farm |
| 16:00 | Queue | Archer |
| 16:34 | Queue | Archer |
| 16:36 | Build | Farm |
| 16:36 | Build | Farm |
| 16:45 | Queue | Villager (Male) |
| 16:59 | Queue | Archer |
| 17:10 | Build | House |
| 17:11 | Build | House |
| 17:15 | Build | Farm |
| 17:18 | Build | Farm |
| 17:19 | Build | Farm |
| 17:19 | Build | Farm |
| 17:19 | Build | Farm |
| 17:31 | Queue | Villager (Male) |
| 17:36 | Build | House |
| 17:55 | Queue | Villager (Male) |
| 17:56 | Queue | Archer |
| 17:58 | Queue | Archer |
| 18:04 | Queue | Skirmisher |
| 18:11 | Queue | Villager (Male) |
| 18:19 | Queue | Archer |
| 18:21 | Queue | Skirmisher |
| 18:30 | Queue | Villager (Male) |
| 18:49 | Queue | Villager (Male) |
| 18:50 | Queue | Archer |
| 18:50 | Queue | Archer |
| 18:52 | Queue | Skirmisher |
| 18:52 | Queue | Skirmisher |
| 19:17 | Queue | Villager (Male) |
| 19:45 | Queue | Archer |
| 19:45 | Queue | Archer |
| 19:49 | Queue | Skirmisher |
| 19:49 | Queue | Skirmisher |
| 20:22 | Queue | Skirmisher |
| 20:24 | Queue | Villager (Male) |
| 20:29 | Queue | Villager (Male) |
| 20:30 | Queue | Villager (Male) |
| 20:45 | Queue | Villager (Male) |
| 20:49 | Queue | Villager (Male) |
| 21:16 | Research | Padded Archer Armor |
| 21:36 | Queue | Villager (Male) |
| 21:44 | Build | House |
| 21:45 | Build | House |
| 21:48 | Build | Mill |
| 21:49 | Build | Farm |
| 21:49 | Build | Farm |
| 21:49 | Build | Farm |
| 21:49 | Build | Farm |
| 21:50 | Build | Farm |
| 21:50 | Build | Farm |
| 21:50 | Build | Farm |
| 22:09 | Build | Market |
| 22:10 | Queue | Villager (Male) |
| 23:04 | Queue | Villager (Male) |
| 23:25 | Queue | Villager (Male) |
| 23:26 | Queue | Archer |
| 23:26 | Queue | Archer |
| 23:27 | Queue | Archer |
| 23:27 | Queue | Archer |
| 23:54 | Build | Mining Camp |
| 24:09 | Queue | Villager (Male) |
| 24:19 | Build | Lumber Camp |
| 25:18 | Queue | Skirmisher |
| 25:18 | Queue | Skirmisher |
Build order — MZTK |Kiss
136 actions detected in the replay
| 0:02 | Queue | Villager (Male) |
| 0:02 | Build | House |
| 0:03 | Build | House |
| 0:14 | Queue | Villager (Male) |
| 0:15 | Queue | Villager (Male) |
| 0:35 | Queue | Villager (Male) |
| 0:35 | Queue | Villager (Male) |
| 1:30 | Queue | Villager (Male) |
| 1:49 | Build | Lumber Camp |
| 1:56 | Queue | Villager (Male) |
| 1:56 | Queue | Villager (Male) |
| 2:27 | Queue | Villager (Male) |
| 2:27 | Queue | Villager (Male) |
| 2:56 | Queue | Villager (Male) |
| 3:02 | Build | House |
| 3:14 | Queue | Villager (Male) |
| 3:38 | Queue | Villager (Male) |
| 3:56 | Queue | Villager (Male) |
| 4:31 | Queue | Villager (Male) |
| 4:51 | Queue | Villager (Male) |
| 5:21 | Queue | Villager (Male) |
| 5:32 | Build | Mining Camp |
| 5:38 | Build | Mining Camp |
| 5:44 | Queue | Villager (Male) |
| 5:50 | Research | Loom |
| 6:43 | Research | Feudal Age |
| 7:07 | Build | House |
| 8:16 | Build | Barracks |
| 8:43 | Queue | Villager (Male) |
| 8:53 | Age | Feudal Age |
| 8:56 | Queue | Spearman |
| 8:58 | Queue | Villager (Male) |
| 9:03 | Queue | Spearman |
| 9:12 | Build | Archery Range |
| 9:17 | Research | Double-Bit Axe |
| 9:33 | Queue | Villager (Male) |
| 9:52 | Build | Archery Range |
| 10:07 | Build | Archery Range |
| 10:11 | Queue | Villager (Male) |
| 10:26 | Queue | Skirmisher |
| 10:29 | Build | House |
| 10:45 | Queue | Skirmisher |
| 10:48 | Queue | Villager (Male) |
| 11:16 | Queue | Skirmisher |
| 11:17 | Queue | Villager (Male) |
| 11:18 | Build | Blacksmith |
| 11:22 | Build | House |
| 11:50 | Build | House |
| 11:52 | Queue | Skirmisher |
| 12:37 | Research | Fletching |
| 12:39 | Queue | Archer |
| 12:39 | Queue | Archer |
| 13:01 | Build | Watch Tower |
| 13:05 | Queue | Skirmisher |
| 13:06 | Queue | Villager (Male) |
| 13:19 | Build | Palisade Wall |
| 13:22 | Build | Palisade Wall |
| 13:33 | Queue | Villager (Male) |
| 13:43 | Queue | Archer |
| 14:00 | Queue | Archer |
| 14:13 | Build | Mill |
| 14:15 | Queue | Archer |
| 14:15 | Queue | Archer |
| 14:31 | Queue | Archer |
| 15:10 | Queue | Archer |
| 15:10 | Queue | Archer |
| 15:27 | Queue | Archer |
| 15:29 | Build | House |
| 15:34 | Queue | Skirmisher |
| 15:35 | Queue | Archer |
| 15:37 | Queue | Villager (Male) |
| 15:37 | Queue | Villager (Male) |
| 15:38 | Build | Farm |
| 15:45 | Build | Mining Camp |
| 15:58 | Build | House |
| 16:03 | Queue | Spearman |
| 16:05 | Queue | Spearman |
| 16:14 | Build | Farm |
| 16:15 | Build | Farm |
| 16:28 | Queue | Spearman |
| 16:36 | Build | House |
| 16:43 | Queue | Villager (Male) |
| 16:44 | Queue | Villager (Male) |
| 16:44 | Queue | Villager (Male) |
| 16:57 | Queue | Villager (Male) |
| 17:07 | Queue | Archer |
| 17:07 | Queue | Archer |
| 17:08 | Queue | Archer |
| 17:08 | Queue | Archer |
| 17:12 | Research | Padded Archer Armor |
| 17:17 | Queue | Villager (Male) |
| 17:19 | Build | Farm |
| 17:34 | Build | Palisade Wall |
| 17:37 | Queue | Villager (Male) |
| 17:41 | Build | Farm |
| 17:50 | Build | Watch Tower |
| 17:59 | Queue | Archer |
| 18:07 | Queue | Villager (Male) |
| 18:18 | Build | Farm |
| 18:24 | Build | Palisade Wall |
| 18:42 | Build | House |
| 18:46 | Queue | Archer |
| 18:47 | Queue | Skirmisher |
| 18:49 | Queue | Spearman |
| 19:12 | Queue | Villager (Male) |
| 19:20 | Queue | Archer |
| 19:24 | Build | Farm |
| 19:24 | Queue | Villager (Male) |
| 19:38 | Queue | Villager (Male) |
| 19:49 | Queue | Skirmisher |
| 19:49 | Queue | Skirmisher |
| 19:50 | Queue | Spearman |
| 20:28 | Build | Farm |
| 20:33 | Build | Mining Camp |
| 20:41 | Queue | Villager (Male) |
| 20:44 | Queue | Villager (Male) |
| 21:06 | Build | Farm |
| 21:06 | Build | Farm |
| 21:31 | Build | Watch Tower |
| 21:35 | Queue | Skirmisher |
| 21:35 | Queue | Skirmisher |
| 21:46 | Build | Farm |
| 21:47 | Queue | Villager (Male) |
| 22:06 | Queue | Villager (Male) |
| 22:13 | Queue | Archer |
| 22:13 | Queue | Skirmisher |
| 22:28 | Build | Watch Tower |
| 22:34 | Queue | Villager (Male) |
| 22:45 | Build | Market |
| 23:06 | Queue | Villager (Male) |
| 23:19 | Build | House |
| 23:30 | Build | Farm |
| 23:39 | Build | Mining Camp |
| 23:52 | Build | Farm |
| 23:56 | Build | Lumber Camp |
| 24:19 | Build | Watch Tower |
Match timeline
| 8:08 | rubatubdubs · first_building Barracks |
| 8:16 | MZTK |Kiss · first_building Barracks |
| 8:51 | rubatubdubs · age_up feudal |
| 8:53 | MZTK |Kiss · age_up feudal |
| 8:55 | rubatubdubs · first_building Archery Range |
| 9:12 | MZTK |Kiss · first_building Archery Range |
| 9:24 | rubatubdubs · wall_segment Stone Wall x1 |
| 12:21 | rubatubdubs · first_building Stable |
| 13:19 | MZTK |Kiss · wall_segment Palisade Wall x1 |
| 13:22 | MZTK |Kiss · wall_segment Palisade Wall x1 |
| 17:34 | MZTK |Kiss · wall_segment Palisade Wall x1 |
| 18:24 | MZTK |Kiss · wall_segment Palisade Wall x1 |
| 25:31 | rubatubdubs · resign |
[ AI ANALYSIS · 1 CREDIT ]
What really happened in this match?
Wolo.gg analyzes every decision: build order, eco, micro, common mistakes by bracket. Personalized analysis on WhatsApp or Discord in 30 seconds.
Civ guide
Bohemians
Perfil
rubatubdubs